 Dungeon Crawl Stone Soup version 0.26-a0-966-gd078a86f14 (webtiles) character file.

Game seed: 12032546740006524062

37 Peloso the Skirmisher (level 3, -5/29 HPs)
             Began as a Demonspawn Fighter on Dec 3, 2020.
             Killed from afar by Terence (8 damage)
             ... with a puff of flame
             ... on level 2 of the Dungeon.
             The game lasted 00:02:15 (934 turns).

Peloso the Skirmisher (Demonspawn Fighter)           Turns: 934, Time: 00:02:16

Health: -5/29      AC:  9    Str: 17    XL:     3   Next: 21%
Magic:  3/3        EV:  9    Int:  9    God:
Gold:   47         SH:  8    Dex: 12    Spells: 2/2 levels left

rFire    . . .     SeeInvis .   a - +0 long sword
rCold    . . .     Faith    .   c - +0 kite shield
rNeg     . . .     Spirit   .   i - +0 chain mail
rPois    .         Reflect  .   (no helmet)
rElec    .         Harm     .   (no cloak)
rCorr    .         Rampage  .   (no gloves)
MR       .....                  (no boots)
Stlth    ..........             (no amulet)
HPRegen  0.09/turn              (no ring)
MPRegen  0.08/turn              (no ring)

@: agile
A: claws 1, powered by pain 1
a: no special abilities


You were on level 2 of the Dungeon.
You visited 1 branch of the dungeon, and saw 2 of its levels.

You collected 47 gold pieces.

Inventory:

Hand Weapons
 a - a +0 long sword (weapon)
Armour
 b - a +0 scale mail
 c - a +0 kite shield (worn)
 i - a +0 chain mail (worn)
Jewellery
 j - a cursed amulet of inaccuracy {unknown}
Scrolls
 e - 2 scrolls of teleportation
 f - a scroll of magic mapping {unknown}
 g - a scroll of amnesia {unknown}
 h - a scroll of identify {unknown}
 k - a scroll of random uselessness {unknown}
Potions
 d - a potion of might


   Skills:
 + Level 3.2 Fighting
 + Level 2.3 Long Blades
 + Level 3.1 Armour
 + Level 0.3 Dodging
 + Level 2.8 Shields


You had 2 spell levels left.
You didn't know any spells.
Your spell library was empty.

Dungeon Overview and Level Annotations

Branches:
Dungeon (2/15)

Altars:

Annotations:
D:2 Terence


Innate Abilities, Weirdness & Mutations

You have sharp fingernails.
You sometimes gain a little power by taking damage.


Message History

Terence zaps a wand.
The puff of flame hits you.
Found a stone staircase leading up.
You see here a frilled lizard corpse.
You barely miss Terence. Terence hits you with a +0 morningstar.
You barely miss Terence. Terence hits you with a +0 morningstar!
You hit Terence but do no damage. You block Terence's attack.
You hit Terence.
Terence is lightly wounded.
Terence barely misses you.
You riposte.
You hit Terence but do no damage.
Terence is lightly wounded.
You barely miss Terence.
Terence is lightly wounded.
Terence hits you with a +0 morningstar!
* * * LOW HITPOINT WARNING * * *
You focus on the pain.
You feel agile all of a sudden. Terence barely misses you.
Okay, then.
Terence zaps a wand.
The puff of flame hits you!
You die...

### ## #.# #.# #?# ##
#.#####.# #.# ..
........#### #.# .#
...........# #.# .# #
#..........# #.# .###.##
#####......####.###.......
#.....................##
###....(........@.†@.....#
............###.###.#.###.
#####....#### #... .>.
)........# #######.#
######...# #.. ##.## ...
#.# <.. #.# .. #.#


You could see Terence.

Vanquished Creatures
  3 dart slugs (D:1)
  A leopard gecko (D:1)
  A ball python (D:1)
  7 bats
  A giant cockroach (D:1)
  5 goblins
  4 hobgoblins
  2 kobolds (D:1)
  3 frilled lizards
  4 rats
31 creatures vanquished.

Notes
Turn   | Place    | Note
-------+----------+-------------------------------------------
     0 | D:1      | Peloso the Demonspawn Fighter began the quest for the Orb.
     0 | D:1      | Reached XP level 1. HP: 18/18 MP: 1/1
   193 | D:1      | Gained mutation: You have sharp fingernails. [demonic
                  | ancestry]
   193 | D:1      | Reached XP level 2. HP: 24/24 MP: 2/2
   589 | D:1      | Gained mutation: You sometimes gain a little power by
                  | taking damage. [demonic ancestry]
   589 | D:1      | Reached XP level 3. HP: 29/29 MP: 3/3
   923 | D:2      | Noticed Terence
   934 | D:2      | Killed from afar by Terence

Illustrated notes

Levels and vault maps discovered:
D:1:      dpeg_arrival_subterranean_lakeside_camping, layout_rooms,
          minmay_misc_feat_tiny
D:2:      layout_loops_ring, grunt_temple_overflow_open, uniq_terence,
          uniq_crazy_yiuf_cottage

Skill      XL: |  1  2 |
---------------+-------+-----
Armour         | 3 |  3.1
Long Blades    | 2 |  2.3
Fighting       | |  3.2
Dodging        | |  0.3
Shields        | |  2.8

Action                   || total
-------------------------++-------
Melee: Long sword        ||    76
  Use: Scroll            ||     1
       Potion            ||     2
Armor: Scale mail        ||    36
       Chain mail        ||    12
Dodge: Dodged            ||    30
Block: Kite shield       ||    44
       Rpst.: Long sword ||     9

Table legend: (Time is in decaauts)
 A = Elapsed time spent in this place.
 B = Non-inter-level travel time spent in this place.
 C = Inter-level travel time spent in this place.
 D = Time resting spent in this place.
 E = Time spent auto-exploring this place.
 F = Levels seen in this place.
 G = Mean time per level.
                   A        B        C        D        E       F      G
               +--------+--------+--------+--------+--------+-----+--------+
         Total |    965 |    936 |     29 |      0 |    672 |   2 |  482.5 |
       Dungeon |    965 |    936 |     29 |      0 |    672 |   2 |  482.5 |
               +--------+--------+--------+--------+--------+-----+--------+

Top non-repeatable levels by time:
     D:1: 843 daAuts
     D:2: 121 daAuts
